Cogmind - Beta 11.1 @@@ ROGUE MODE // 2022.08.29 @ 11:47:35 Player: eldritch Result: Self-destructed Performance ------------- Evolutions (3) 1500 Regions Visited (9) 1800 Robots Destroyed (71) 355 Value Destroyed (2109) 2109 Prototype IDs (10) 200 Alien Tech Used (0) 0 Bonus (0) 0 TOTAL SCORE: 5964 Bonus ------- None Cogmind --------- Core Integrity 683/700 Matter 245/300 Energy 88/160 System Corruption 1% Temperature Hot (241) Movement Treading (157) Location -7/Lower Caves Parts ------- > --- POWER (1) -------- Light Nuclear Core > --- PROPULSION (4) --- Armored Treads Armored Treads Advanced Treads Advanced Treads > --- UTILITY (5) ------ Advanced Heat Sink High-capacity Storage Unit Improved Signal Interpreter Armor Integrity Analyzer Medium Reactive Plating > --- WEAPON (3) ------- Heavy Particle Gun Heavy Particle Gun Heavy Particle Gun > --- INVENTORY (20) --- Advanced Treads Advanced Treads Advanced Treads Coolant Injector Experimental Sensor Array Core Analyzer Advanced ECM Suite Hardened Medium Armor Plating Hacking Suite Dynamic Insulation System Precision Shock Rifle Precision Shock Rifle Heavy Particle Gun Heavy Missile Launcher Peak State ------------ > --- POWER ------------ Improved Deuterium Engine > --- PROPULSION ------- Armored Treads Armored Treads Advanced Treads Advanced Treads > --- UTILITY ---------- Advanced Heat Sink Large Storage Unit Experimental Sensor Array Improved Signal Interpreter Medium Reactive Plating > --- WEAPON ----------- Precision Shock Rifle Heavy Particle Gun Heavy Particle Gun > --- INVENTORY -------- Light Nuclear Core Advanced Treads Advanced Treads Advanced Treads Coolant Injector Core Analyzer Armor Integrity Analyzer Advanced ECM Suite Hardened Medium Armor Plating Hacking Suite Dynamic Insulation System Heavy EM Shotgun Heavy Particle Gun Heavy Particle Gun Heavy Missile Launcher [Rating: 56] Favorites ----------- Power Improved Ion Engine Engine Improved Ion Engine Power Core Fission Core Propulsion Light Treads Treads Light Treads Leg Aluminum Leg Hover Unit Aerolev Unit Utility Medium Armor Plating Device Improved Heat Sink Storage Medium Storage Unit Processor Improved Signal Interpreter Protection Medium Armor Plating Weapon Improved Medium Laser Energy Gun Improved Medium Laser Ballistic Gun Improved Assault Rifle Launcher Rocket Launcher Build | -11 -10 -10 -9 -9 -9 -8 -8 -7 -7 ------- Run | Scr Mat Min Mat Min Exi Min Mat Fac Low Slots Evolved 6 | . . . 2 . . . 2 2 . Power . | . . . . . . . . . . Propulsion 2 | . . . . . . . 1 1 . Utility 3 | . . . 1 . . . 1 1 . Weapon 1 | . . . 1 . . . . . . Parts Attached 93 | . 7 12 15 . 2 2 23 25 7 Power 6 | . . 2 1 . . . 1 1 1 Engine 4 | . . 1 1 . . . 1 1 . Core 2 | . . 1 . . . . . . 1 Reactor . | . . . . . . . . . . Propulsion 19 | . 1 2 2 . . . 9 5 . Treads 17 | . . 2 2 . . . 8 5 . Leg 1 | . 1 . . . . . . . . Wheel . | . . . . . . . . . . Hover 1 | . . . . . . . 1 . . Flight . | . . . . . . . . . . Utility 34 | . 2 3 2 . 2 2 7 14 2 Device 17 | . 1 2 . . . 2 4 7 1 Storage 6 | . 1 1 . . 2 . 1 1 . Processor 2 | . . . . . . . . 1 1 Hackware . | . . . . . . . . . . Protection 9 | . . . 2 . . . 2 5 . Artifact . | . . . . . . . . . . Weapon 34 | . 4 5 10 . . . 6 5 4 Energy Gun 24 | . 1 4 5 . . . 5 5 4 Energy Cannon . | . . . . . . . . . . Ballistic Gun 6 | . 1 . 4 . . . 1 . . Ballistic Cannon . | . . . . . . . . . . Launcher 4 | . 2 1 1 . . . . . . Special Weapon . | . . . . . . . . . . Impact Weapon . | . . . . . . . . . . Slashing Weapon . | . . . . . . . . . . Piercing Weapon . | . . . . . . . . . . Special Melee Weapon . | . . . . . . . . . . Unidentified Prototypes 4 | . . . 1 . . . 2 1 . Parts Lost 3 | . . . 1 . . . . 1 1 Power 2 | . . . 1 . . . . . 1 Propulsion . | . . . . . . . . . . Utility 1 | . . . . . . . . 1 . Weapon . | . . . . . . . . . . Highest Loss Streak 1 | . . . 1 . . . . 1 1 To Critical Strikes . | . . . . . . . . . . Average Slot Usage (%) 98 | . 92 91 99 100 100 100 100 99 99 Engine 8 | . 14 2 7 11 11 11 9 7 6 Core 2 | . . 11 3 . . . . . . Treads 23 | . . 24 21 22 22 22 27 29 30 Leg 1 | . 28 . . . . . . . . Device 12 | . 7 11 11 11 11 11 11 15 12 Storage 9 | . 14 11 11 11 11 11 9 7 7 Processor 1 | . . . . . . . . 6 8 Protection 8 | . . . 10 11 11 11 15 6 7 Energy Gun 21 | . 14 27 22 22 22 22 18 23 23 Ballistic Gun 4 | . 13 . 10 . . . 8 . . Launcher 2 | . . . . 11 11 11 . . . Naked Turns 1 | . . 1 . . . . . . . Heaviest Build 88 | 13 21 25 35 35 35 35 51 88 88 Greatest Support 84 | 20 20 40 40 40 40 40 60 84 84 Greatest Overweight (x) 1 | . 1 1 . . . . . 1 1 Average Overweight (x) . | . . . . . . . . . . Largest Inventory Capacity 20 | . 10 10 10 10 15 10 15 20 20 Average Capacity 12 | . 9 8 10 10 10 10 14 15 20 Most Carried 15 | . 10 10 10 10 11 10 15 15 15 Average Carried 11 | . 8 7 9 10 10 10 13 14 14 Final Capacity 20 | 8 10 10 10 10 10 10 15 20 20 Final Carried 15 | 6 10 10 10 10 10 10 15 15 14 Class Distribution -------------------- 31% | Mutant 23% | Tank 19% | Scavenger-Tank 16% | Skirmisher 6% | Scavenger-Mutant Dominant Class ---------------- Mutant | -10/Materials Mutant | -10/Mines Scavenger-Tank | -9/Materials Mutant | -9/Mines Mutant | -9/Exiles Mutant | -8/Mines Scavenger-Tank | -8/Materials Skirmisher | -7/Factory Skirmisher | -7/Lower Caves Resources | -11 -10 -10 -9 -9 -9 -8 -8 -7 -7 ----------- Run | Scr Mat Min Mat Min Exi Min Mat Fac Low Matter Collected 1458 | 169 101 229 248 10 . . 436 255 10 Remotely . | . . . . . . . . . . Salvage Created 2892 | . 137 115 805 . . 19 844 859 113 Parts 156 | . 16 5 41 . . 5 47 38 4 Haulers Intercepted 8 | . . . 3 . . . 3 2 . Recyclers Shooed 2 | . . . . . . . . 2 . Parts Field Recycled . | . . . . . . . . . . Retrieved Matter . | . . . . . . . . . . Parts Self-Destructed 7 | . . . . . . . . . 7 Prevented . | . . . . . . . . . . Kills | -11 -10 -10 -9 -9 -9 -8 -8 -7 -7 ------- Run | Scr Mat Min Mat Min Exi Min Mat Fac Low Combat Hostiles Destroyed 52 | . 5 5 12 . . 4 12 10 4 Guns 45 | . 2 5 12 . . . 12 10 4 AOE 7 | . 3 . . . . 4 . . . Classes Destroyed 15 | . 3 2 5 . . . 1 4 . Worker 2 | . . . . . . . . 2 . Builder 1 | . . . . . . . . 1 . Tunneler 1 | . . . 1 . . . . . . Hauler 8 | . . . 3 . . . 3 2 . Recycler 5 | . . . 1 . . . 1 3 . Operator 2 | . . . 1 . . . 1 . . Watcher 2 | . 1 . . . . . . 1 . Swarmer 13 | . 3 . . . . 4 . 3 3 Grunt 24 | . 2 2 9 . . . 7 4 . Duelist 1 | . . . . . . . 1 . . Sentry 7 | . . . 3 . . . 4 . . Demolisher 1 | . . 1 . . . . . . . Hunter 1 | . . . . . . . . 1 . Programmer 3 | . . . . . . . . 2 1 Assembled 2 | . . 2 . . . . . . . Best Kill Streak 4 | . 3 2 4 . . 4 3 4 3 Combat Bots Only 4 | . 3 2 3 . . 4 3 3 3 Max Kills in Single Turn 2 | . 2 1 1 . . 2 1 2 1 Gunslinging . | . . . . . . . . . . Exploded 2 | . 2 . . . . 2 . . . Melee . | . . . . . . . . . . Uniques/NPCs Destroyed . | . . . . . . . . . . Combat | -11 -10 -10 -9 -9 -9 -8 -8 -7 -7 -------- Run | Scr Mat Min Mat Min Exi Min Mat Fac Low Damage Taken 2911 | . 188 332 456 . . 157 504 533 741 Core 220 | . 8 66 60 . . 6 63 3 14 Absorbed by Shields . | . . . . . . . . . . Core Remaining (%) 85 | 100 . 70 . . . 83 88 . . Volleys Fired 162 | . 14 22 36 . . 7 33 36 14 Largest 3 | . 2 2 3 . . 1 3 3 3 Hottest 166 | . 70 105 144 . . 33 135 166 165 Shots Fired 430 | . 26 44 106 . . 7 97 108 42 Gun 421 | . 24 44 106 . . . 97 108 42 Cannon . | . . . . . . . . . . Launcher 9 | . 2 . . . . 7 . . . Special . | . . . . . . . . . . Kinetic 81 | . 12 . 36 . . . 33 . . Thermal 330 | . 12 44 70 . . . 64 98 42 Explosive 9 | . 2 . . . . 7 . . . Electromagnetic 10 | . . . . . . . . 10 . Robot Hit Streak 17 | . 11 5 8 . . . 17 15 11 Robot Miss Streak 6 | . 2 5 5 . . 6 2 5 3 Penetration Max . | . . . . . . . . . . Secondary Targets 4 | . . . 1 . . . 1 1 1 Max Gunslinging Chain 1 | . . . 1 . . . 1 1 1 Shots Hit Robots 260 | . 17 20 62 . . . 69 64 28 Core Hits 124 | . 11 10 28 . . 5 32 29 9 Critical Kills . | . . . . . . . . . . Critical Parts Destroyed . | . . . . . . . . . . Critical Strikes 10 | . 1 . 3 . . . 3 1 2 Burn 10 | . 1 . 3 . . . 3 1 2 Melee Attacks . | . . . . . . . . . . Impact . | . . . . . . . . . . Slashing . | . . . . . . . . . . Piercing . | . . . . . . . . . . Sneak Attacks . | . . . . . . . . . . Combat Hostiles . | . . . . . . . . . . Follow-up Attacks . | . . . . . . . . . . Damage Inflicted 4932 | . 333 235 941 . . 243 1163 1390 627 Guns 4569 | . 226 230 941 . . . 1163 1382 627 Cannons . | . . . . . . . . . . Explosions 350 | . 107 . . . . 243 . . . Melee . | . . . . . . . . . . Ramming 13 | . . 5 . . . . . 8 . Kinetic 633 | . 95 . 252 . . . 286 . . Thermal 3728 | . 131 230 689 . . . 877 1174 627 Explosive 350 | . 107 . . . . 243 . . . Electromagnetic 208 | . . . . . . . . 208 . Impact . | . . . . . . . . . . Slashing . | . . . . . . . . . . Piercing . | . . . . . . . . . . Highest Corruption 1 | . . . . . . . . . 1 Average Corruption 1 | . . . . . . . . . 1 Corruption Purged . | . . . . . . . . . . Corruption Blocked . | . . . . . . . . . . Overload Shots . | . . . . . . . . . . Overflow Damage 30 | . . . . . . 30 . . . Projectiles . | . . . . . . . . . . Explosions 30 | . . . . . . 30 . . . Melee . | . . . . . . . . . . Knockbacks . | . . . . . . . . . . Impact . | . . . . . . . . . . Kinetic . | . . . . . . . . . . Secondary . | . . . . . . . . . . Self-Inflicted Damage 28 | . . 2 . . . 26 . . . Shots 1 | . . . . . . 1 . . . Rammed 2 | . . 1 . . . . . 1 . Targets Rammed 2 | . . 1 . . . . . 1 . Kicked . | . . . . . . . . . . Crushed . | . . . . . . . . . . Highest Temperature 551 | . 81 551 278 . . . 301 228 282 Average Temperature 95 | . 48 213 75 . . . 80 58 100 Received Heat Transfer 1095 | . 81 303 216 . . . 297 90 108 Effects 15 | . . 9 1 . . . 2 . 3 Shutdowns 1 | . . 1 . . . . . . . Interference 8 | . . 2 1 . . . 2 . 3 Matter Decay 2 | . . 2 . . . . . . . Short Circuit 1 | . . 1 . . . . . . . Damage (major) 2 | . . 2 . . . . . . . Damage (core) 1 | . . 1 . . . . . . . Siege Activations . | . . . . . . . . . . Robots Corrupted . | . . . . . . . . . . Combat Hostiles . | . . . . . . . . . . Parts Fried . | . . . . . . . . . . Impact Corruptions . | . . . . . . . . . . Robots Melted . | . . . . . . . . . . Combat Hostiles . | . . . . . . . . . . Parts Melted 24 | . . 1 8 . . . 4 8 3 Heat Transferred 8518 | . 444 608 1805 . . . 2072 2331 1258 Parts Sabotaged . | . . . . . . . . . . Parts Stolen . | . . . . . . . . . . Parts Stripped . | . . . . . . . . . . Power Chain Reactions . | . . . . . . . . . . Missiles Intercepted . | . . . . . . . . . . Alert | -11 -10 -10 -9 -9 -9 -8 -8 -7 -7 ------- Run | Scr Mat Min Mat Min Exi Min Mat Fac Low Peak Influence 326 | . 268 124 326 6 . 147 219 167 . Initial 104 | . . 104 . 6 . . 57 61 . Average 80 | . 83 74 119 4 . 40 99 73 . Maximum Alert Level 1 | . 1 . 1 . . . 1 . . Low Security (%) 94 | . 83 100 78 100 . 100 96 100 . Level 1 5 | . 16 . 21 . . . 3 . . Level 2 . | . . . . . . . . . . Level 3 . | . . . . . . . . . . Level 4 . | . . . . . . . . . . Level 5 . | . . . . . . . . . . High Security . | . . . . . . . . . . Max Security . | . . . . . . . . . . Squads Dispatched 7 | . . . 1 . . . 1 5 . Investigation 1 | . . . . . . . . 1 . Extermination 2 | . . . . . . . . 2 . Reinforcement 3 | . . . 1 . . . . 2 . Assault . | . . . . . . . . . . Garrison 1 | . . . . . . . 1 . . Intercept . | . . . . . . . . . . Searches Triggered . | . . . . . . . . . . Construction Impeded . | . . . . . . . . . . Haulers Reinforced 1 | . . . . . . . . 1 . Active Scanning Responses . | . . . . . . . . . . Cargo Convoy Interrupts . | . . . . . . . . . . Stealth | -11 -10 -10 -9 -9 -9 -8 -8 -7 -7 --------- Run | Scr Mat Min Mat Min Exi Min Mat Fac Low Distress Signals 9 | . 1 . 3 . . . 1 4 . Communications Jammed . | . . . . . . . . . . Distress Signals . | . . . . . . . . . . Times Spotted 87 | . 9 13 16 . . 4 15 26 4 Peak Tracking Total 10 | . 3 10 5 . . 4 4 5 2 Tactical Retreats 7 | . 2 2 1 . . . . 2 . Traps | -11 -10 -10 -9 -9 -9 -8 -8 -7 -7 ------- Run | Scr Mat Min Mat Min Exi Min Mat Fac Low Traps Triggered 2 | . 1 . 1 . . . . . . Indirectly . | . . . . . . . . . . Trap Hack Attempts . | . . . . . . . . . . Triggered . | . . . . . . . . . . Disarmed . | . . . . . . . . . . Reprogrammed . | . . . . . . . . . . Reused . | . . . . . . . . . . Traps Extracted . | . . . . . . . . . . Installed . | . . . . . . . . . . Triggered 1 | . . . . . . . . . 1 Machines | -11 -10 -10 -9 -9 -9 -8 -8 -7 -7 ---------- Run | Scr Mat Min Mat Min Exi Min Mat Fac Low Machines Disabled 8 | . 2 . 1 . . 1 3 1 . Max in Single Turn 1 | . 1 . 1 . . 1 1 1 . Machines Sabotaged . | . . . . . . . . . . Garrisons Compromised . | . . . . . . . . . . Overloaded Fab Kills . | . . . . . . . . . . Hacking | -11 -10 -10 -9 -9 -9 -8 -8 -7 -7 --------- Run | Scr Mat Min Mat Min Exi Min Mat Fac Low Machines Accessed 14 | . 3 . 5 . 1 . 2 3 . Terminals 10 | . 3 . 3 . . . 2 2 . Fabricators 1 | . . . . . . . . 1 . Repair Stations 1 | . . . 1 . . . . . . Recycling Units . | . . . . . . . . . . Scanalyzers 1 | . . . 1 . . . . . . Garrison Access . | . . . . . . . . . . Total Hacks 36 | . 13 . 14 . 1 . 5 3 . Successful 18 | . 7 . 8 . 1 . 1 1 . Failed 17 | . 5 . 6 . . . 4 2 . Catastrophic 5 | . 1 . . . . . 2 2 . Database Lockouts 1 | . 1 . . . . . . . . Manual 18 | . 9 . 6 . . . 2 1 . Terminals 32 | . 13 . 12 . . . 5 2 . Fabricators 1 | . . . . . . . . 1 . Repair Stations 1 | . . . 1 . . . . . . Recycling Units . | . . . . . . . . . . Scanalyzers 1 | . . . 1 . . . . . . Garrison Access . | . . . . . . . . . . Terminal Hacks 13 | . 5 . 5 . 1 . 1 1 . Record 1 | . . . . . 1 . . . . Robot Analysis 2 | . 1 . . . . . 1 . . Prototype ID Bank 3 | . 1 . 2 . . . . . . Open DSF 1 | . . . . . . . . 1 . Branch Access Points 1 | . 1 . . . . . . . . Terminal Index 1 | . 1 . . . . . . . . Alert Level 1 | . . . 1 . . . . . . Unreport Threat 1 | . . . 1 . . . . . . Transport Status 1 | . . . 1 . . . . . . Registered Components 1 | . 1 . . . . . . . . Fabricator Hacks . | . . . . . . . . . . Repair Station Hacks . | . . . . . . . . . . Recycling Unit Hacks . | . . . . . . . . . . Scanalyzer 1 | . . . 1 . . . . . . Insert Component 1 | . . . 1 . . . . . . Garrison Access Hacks . | . . . . . . . . . . Unauthorized Hacks 4 | . 2 . 2 . . . . . . Terminals 4 | . 2 . 2 . . . . . . Botnet 4 | . 2 . 2 . . . . . . Fabricators . | . . . . . . . . . . Repair Stations . | . . . . . . . . . . Recycling Units . | . . . . . . . . . . Scanalyzers . | . . . . . . . . . . Garrison Access . | . . . . . . . . . . Data Cores Recovered . | . . . . . . . . . . Used . | . . . . . . . . . . Hacking Detections 10 | . 2 . 4 . . . 2 2 . Full Trace Events 1 | . . . . . . . 1 . . Feedback Events . | . . . . . . . . . . Feedback Blocked . | . . . . . . . . . . Robot Schematics Acquired . | . . . . . . . . . . Robots Built . | . . . . . . . . . . Authchips . | . . . . . . . . . . Time . | . . . . . . . . . . Total Robot Build Rating . | . . . . . . . . . . Part Schematics Acquired . | . . . . . . . . . . Parts Built . | . . . . . . . . . . Authchips . | . . . . . . . . . . Time . | . . . . . . . . . . Total Part Build Rating . | . . . . . . . . . . Parts Repaired . | . . . . . . . . . . Time . | . . . . . . . . . . Parts Recycled . | . . . . . . . . . . Recycled Matter . | . . . . . . . . . . Retrieved Matter . | . . . . . . . . . . Retrieved Components . | . . . . . . . . . . Parts Scanalyzed . | . . . . . . . . . . Part Schematics Acquired . | . . . . . . . . . . Parts Damaged . | . . . . . . . . . . Bothacking | -11 -10 -10 -9 -9 -9 -8 -8 -7 -7 ------------ Run | Scr Mat Min Mat Min Exi Min Mat Fac Low Used RIF Installer . | . . . . . . . . . . Robots Hacked . | . . . . . . . . . . Non-combat . | . . . . . . . . . . Combat . | . . . . . . . . . . Robot Hacks Applied . | . . . . . . . . . . Relay Couplers Released . | . . . . . . . . . . Fabnet Peak Effective % . | . . . . . . . . . . Robots Rewired . | . . . . . . . . . . Allies Hacked . | . . . . . . . . . . Hacks Repelled . | . . . . . . . . . . Allies | -11 -10 -10 -9 -9 -9 -8 -8 -7 -7 -------- Run | Scr Mat Min Mat Min Exi Min Mat Fac Low Total Allies . | . . . . . . . . . . Largest Group . | . . . . . . . . . . Highest-Rated Group . | . . . . . . . . . . Highest-Rated Ally . | . . . . . . . . . . Total Orders . | . . . . . . . . . . Ally Attacks . | . . . . . . . . . . Total Damage . | . . . . . . . . . . Kills . | . . . . . . . . . . Allies Corrupted . | . . . . . . . . . . Allies Melted . | . . . . . . . . . . Intel | -11 -10 -10 -9 -9 -9 -8 -8 -7 -7 ------- Run | Scr Mat Min Mat Min Exi Min Mat Fac Low Robot Analysis Total 2 | . 1 . . . . . 1 . . Derelict Logs Recovered 5 | . . 3 . 2 . . . . . Drone Launches . | . . . . . . . . . . Drone Recoveries . | . . . . . . . . . . Exploration | -11 -10 -10 -9 -9 -9 -8 -8 -7 -7 ------------- Run | Scr Mat Min Mat Min Exi Min Mat Fac Low Turns Passed 6040 | . 367 838 965 572 635 86 1070 1316 191 Spaces Moved 3110 | 1 215 439 470 358 394 44 514 597 78 Core 7 | . . 7 . . . . . . . Treads 2878 | . . 423 470 358 394 44 514 597 78 Legs 225 | 1 215 9 . . . . . . . Wheels . | . . . . . . . . . . Hover . | . . . . . . . . . . Flight . | . . . . . . . . . . Fastest Speed 50 | 120 120 50 160 160 160 160 160 157 157 Average Speed 158 | 120 121 158 160 160 160 160 161 164 161 Slowest Speed 237 | 120 190 190 160 160 160 160 163 237 237 Overloaded Moves . | . . . . . . . . . . Propulsion Burnouts . | . . . . . . . . . . Robots Hopped . | . . . . . . . . . . Cave-ins Triggered . | . . . . . . . . . . Exploration Rate (%) 38 | 2 37 77 41 86 57 23 35 20 10 Regions Visited 9 Branch Regions 5 Pre-discovered Areas 3 | . . . . 2 1 . . . . Known Exits Taken 2 | . 1 . . . . . . 1 . Unknown Exits Taken 7 | 1 . 1 1 1 1 1 1 . . Scrap Searched 4 | . . 1 . 3 . . . . . Spaces Dug . | . . . . . . . . . . Terrain Destroyed 77 | . 6 . . . . 71 . . . Melee . | . . . . . . . . . . Projectile . | . . . . . . . . . . AOE 77 | . 6 . . . . 71 . . . Terrain Rammed . | . . . . . . . . . . Walls Destroyed . | . . . . . . . . . . Machines Disabled . | . . . . . . . . . . Actions | -11 -10 -10 -9 -9 -9 -8 -8 -7 -7 --------- Run | Scr Mat Min Mat Min Exi Min Mat Fac Low Total 3891 | . 294 535 607 357 399 52 683 856 108 Wait 433 | . 50 49 68 . . . 92 165 9 Move 3101 | . 214 438 469 357 393 43 513 596 78 Hop . | . . . . . . . . . . Pick Up 38 | . 5 4 5 . 2 . 7 15 . Fast Attach 17 | . 3 7 4 . . . 3 . . Attach 10 | . . 1 1 . . . 3 4 1 Detach 1 | . . . . . . . 1 . . Swap 66 | . 4 4 10 . 2 2 17 21 6 Drop 61 | . 4 9 14 . 2 . 14 18 . Fire 162 | . 14 22 36 . . 7 33 36 14 Melee . | . . . . . . . . . . Ram 1 | . . 1 . . . . . . . Kick . | . . . . . . . . . . Crush 1 | . . . . . . . . 1 . Escape Stasis . | . . . . . . . . . . Rewire . | . . . . . . . . . . Trap . | . . . . . . . . . . Miscellaneous . | . . . . . . . . . . Route ------- -11/Scrapyard -10/Materials -10/Mines (discovered 2 exits: *Mat x2) -9/Materials -9/Mines (discovered 2 exits: *Mat / *Exi) -9/Exiles -8/Mines -8/Materials (discovered 2 exits: *Fac / Sto) -7/Factory (discovered 2 exits: *Fac / *Low) -7/Lower Caves History --------- Turn | Location | Event 1 | -11/Scrapyard | Discovered new exit (range 0) 1 | -11/Scrapyard | Entered Materials 183 | -10/Materials | Central database locked down 334 | -10/Materials | Build established: Mutant 334 | -10/Materials | Identified exit to Mines 368 | -10/Materials | Entered Mines 373 | -10/Mines | Assembled infested the area 378 | -10/Mines | Assisted by a Guerilla fighting off Assembled 639 | -10/Mines | Discovered new exit (range 3) 773 | -10/Mines | Found a damaged Exp. Sensor Array with a note attached 776 | -10/Mines | Found Prototype Device 792 | -10/Mines | Discovered new exit (range 15) 832 | -10/Mines | Learned Materials terminal intel 1044 | -10/Mines | Learned Materials emergency access door positions 1063 | -10/Mines | Learned Materials stockpile data 1114 | -10/Mines | Build established: Scavenger-Mutant 1206 | -10/Mines | Entered Materials 1206 | -9/Materials | Evolved 2 slots: Utility x1, Weapon x1 1209 | -9/Materials | Loaded intel: 12 terminal locations 1543 | -9/Materials | Build established: Scavenger-Tank 1778 | -9/Materials | Identified Exp. Sensor Array 1960 | -9/Materials | Discovered new exit (range 16) 2171 | -9/Materials | Entered Mines 2265 | -9/Mines | Received a Rocket Launcher from a helpful Derelict 2277 | -9/Mines | Learned location of Storage (-8) 2282 | -9/Mines | Build established: Tank 2355 | -9/Mines | Discovered new exit (range 5) 2360 | -9/Mines | Learned 2 Materials zone layouts 2662 | -9/Mines | Build established: Mutant 2735 | -9/Mines | Deemed a non-threat by the Exiles lab entrance 2736 | -9/Mines | Discovered new exit (range 5) 2743 | -9/Mines | Entered Exiles 2769 | -9/Exiles | Discovered new exit (range 15) 2787 | -9/Exiles | Met 8R-AWN 2892 | -9/Exiles | Met EX-HEX 2956 | -9/Exiles | Met EX-DEC 2963 | -9/Exiles | Learned location of Zion (-6) 3378 | -9/Exiles | Entered Mines 3430 | -8/Mines | Discovered new exit (range 13) 3464 | -8/Mines | Entered Materials 3464 | -8/Materials | Evolved 2 slots: Propulsion x1, Utility x1 3465 | -8/Materials | Identified exit to Storage 3823 | -8/Materials | Build established: Scavenger-Tank 3886 | -8/Materials | Garrison activated, responded to threat 4371 | -8/Materials | Discovered new exit (range 11) 4440 | -8/Materials | Build established: Tank 4534 | -8/Materials | Entered Factory 4534 | -7/Factory | Evolved 2 slots: Propulsion x1, Utility x1 4729 | -7/Factory | Discovered new exit (range 8) 4744 | -7/Factory | Identified exit to Factory 4944 | -7/Factory | Build established: Skirmisher 4953 | -7/Factory | Identified exit to DSF 5806 | -7/Factory | Discovered new exit (range 16) 5848 | -7/Factory | Identified exit to Lower Caves 5850 | -7/Factory | Entered Lower Caves 6009 | -7/Lower Caves | Spotted B-75 Beast 6041 | -7/Lower Caves | Self-destructed Last Messages --------------- GOAL=ESCAPE 05850_ S-27 Virus destroyed. 05850_ Switching to secondary target: S-27 Virus. 05854_ S-27 Virus destroyed. 05857_ Lgt. Nuclear Core fries itself beyond repair. 05857_ S-27 Virus suffers critical hit (Burn). 05857_ Lgt. Nuclear Core melted. 05857_ S-27 Virus destroyed. 05859_ VTOL Module fries itself beyond repair. 05871_ Acquired 10 matter. 05908_ Destroyed Gravmag System. 05918_ Imp. Heat Sink melted. 05918_ Shock Rifle melted. 05918_ P-60 Hacker destroyed. 06020_ B-75 Beast suffers critical hit (Burn). 06028_ Imp. Deuterium Engine destroyed. 06041_ Overheating: System interference. 06041_ Hvy. Particle Gun temporarily disabled. 06041_ Adv. Heat Sink temporarily disabled. 06041_ Hvy. Particle Gun temporarily disabled. Map ----- +----------------------------------------------------+ | ?????????????????????????????????????????????????? | | ?????????????????????????????????????????????????? | | ?????????????????????????????????????????????????? | | ?????????????????????????????????????????????????? | | ?????????????????????????????????????????????????? | | ?????????????????????????????????????????????????? | | ?????????????????????????????????????????????????? | | ?????????????????????????????????????????????????? | | ?????????????????????????????????????????????????? | | ?????????????????????????????????????????????????? | | ????????????????????????????####?????????????????? | | ??????????????????????????### ##????????????????? | | ????????????????????????### ##########???????? | | ??????????????????????### ###?????? | | ??????????????????????# % #?????? | | ??????????????????????# % ###### #?????? | | ??????????????????????# % ##????## ##????? | | ??????????????????????## ##??????## #????? | | ???????????????????????# ### #?###????##% #????? | | ???????????????????????# ##?# ## #???## #????? | | ???????????????????????# #??# ?### #????? | | ???????????????????????# ##### ## #????? | | ??????????? ??????? ## #?# #????? | | ?????????? ## ?###% #??# #????? | | ?????????? BB ;# ##### #????? | | ?????????? BB @ ### ##????? | | ?????????? ;## % ## #?????? | | ?????????? ## ???##% ### #?????? | | ?????????????????###??????# #### #?????? | | ??????????????????????????# ##### #?????? | | ????????????????????????### #### ####?????? | | ???????????????????????## ###????????? | | ???????????????????????# #??????????? | | ???????????????????????## ##??????????? | | ????????????????????????# ##???????????? | | ????????????????????????# ### ##????????????? | | ???????????????????????# ### #?????????????? | | ???????????????????????# ## #?????????????? | | ???????????????????????## ## ###???????????? | | ????????????????????????#### ### ##??????????? | | ???????????????????????????####?# #??????????? | | ????????????????????????????????## #??????????? | | ?????????????????????????????????## #??????????? | | ??????????????????????????????????# ##?????????? | | ??????????????????????????????????# ##????????? | | ??????????????????????????????????## #????????? | | ???????????????????????????????????### ##????????? | | ?????????????????????????????????????###?????????? | | ?????????????????????????????????????????????????? | | ?????????????????????????????????????????????????? | +----------------------------------------------------+ Best States ------------- Heat Dissipation 53 Energy Generation 18 Energy Capacity 310 Matter Stores 300 Matter Capacity 300 Sight Range 16 Robot Scan Range 20 Terrain Scan Density 10 EM Shielding 2 Armor Coverage 450 Resistance: KI 30 Evasion (%) 55 Armor Integrity Analysis 30 Recoil Reduction 4 Item Schematics ----------------- None Robot Schematics ------------------ None Fabricated ------------ Nothing Alien Tech Used ----------------- None Achievements -------------- None Challenges ------------ None Game ------ Seed SpectralPlasmaExoskeleton Manual? 0 Play Time 00:50:57 Cumulative 258.7 hours Start 2022.08.27 @ 21:38:58 End 2022.08.29 @ 11:47:35 Sessions 1 Manual Loads 0 Difficulty Rogue Special Mode None Game No. 584 Rogue 584 Adventurer 0 Explorer 0 Win Type - Total 5 Types 4/0/0/1/0/0/0/0/0 Lore% 61 Gallery% 63 Achievement% 57 Wizard Run 0 Options --------- ASCII 0 Keyboard 0 Movement Numpad Keybinds 0 Fullscreen 1 Font 16/SmallcapsGlow Map View 75x55 Tactical HUD 1 Map Filters NONE Filters NONE Steam 1 RUN: 28d2634a-1e28-46f8-940e-53d986ac342c